 Dungeon Crawl Stone Soup version 0.20.1-1-g8b1a95d (console) character file.

106 hilaritas the Shield-Bearer (level 5, 0/41 HPs)
             Began as a Formicid Fighter on Nov 8, 2017.
             Was an Initiate of Okawaru.
             Succumbed to nago's ghost's poison
             ... on level 4 of the Dungeon.
             The game lasted 00:07:17 (2974 turns).

hilaritas the Shield-Bearer (Formicid Fighter)      Turns: 2974, Time: 00:07:18

Health: 0/41       AC: 10    Str: 27    XL:     5   Next: 10%
Magic:  1/5        EV: 12    Int:  7    God:    Okawaru [......]
Gold:   209        SH: 12    Dex: 15    Spells: 4/4 levels left

rFire    . . .     SeeInvis +   a - +1 war axe
rCold    . . .     Gourm    .   c - +1 shield
rNeg     . . .     Faith    .   q - +0 chain mail
rPois    .         Spirit   +   (helmet unavailable)
rElec    .         Reflect  .   (no cloak)
rCorr    .         Harm     .   m - +0 pair of gloves
MR       .....                  (no boots)
Stlth    ..........             w - amulet of guardian spirit
Regen    0.2/turn               (no ring)
MPRegen  0.1/turn               (no ring)

@: mighty, agile, lethally poisoned (0 -> -28)
A: permanent stasis, dig shafts and tunnels, four strong arms, antennae 3
a: Dig, Shaft Self, Renounce Religion


You were on level 4 of the Dungeon.
You worshipped Okawaru.
Okawaru was noncommittal.
You were not hungry.

You visited 1 branch of the dungeon, and saw 4 of its levels.

You collected 209 gold pieces.

Inventory:

Hand Weapons
 a - a +1 war axe (weapon)
 b - a +2 whip of pain
 h - a +0 hand axe
Armour
 c - a +1 shield (worn)
 m - a +0 pair of gloves (worn)
 q - a +0 chain mail (worn)
Jewellery
 r - an uncursed ring of magical power
 w - an amulet of guardian spirit (around neck)
Scrolls
 k - a scroll of enchant armour
 l - 3 scrolls of enchant weapon
 p - 4 scrolls of identify
Potions
 d - 2 potions of might
 i - a potion of brilliance
 t - a potion of heal wounds {unknown}
 v - a potion of mutation {unknown}
Books
 u - a book of Misfortune

   Spells                             Type                      Level
   a - Confusing Touch                Hexes                        1
   b - Confuse                        Hexes                        3
   c - Gell's Gravitas                Translocation                3
   d - Petrify                        Transmutation/Earth          4
   e - Metabolic Englaciation         Hexes/Ice                    5
   f - Yara's Violent Unravelling     Hexes/Transmutation          5
Comestibles
 f - 5 bread rations
 j - 4 fruits
 x - a chunk of flesh


   Skills:
 - Level 3.2 Fighting
 * Level 3.9 Axes
 - Level 3.2 Armour
 + Level 5.0 Shields
 * Level 0.2 Invocations


You had 4 spell levels left.
You didn't know any spells.

Dungeon Overview and Level Annotations

Branches:
Dungeon (4/15)
 Temple: D:4-7

Altars:
Kikubaaqudgha
Okawaru
Xom

Annotations:
D:4 Menkaure; nago's ghost, novice VSIE


Innate Abilities, Weirdness & Mutations

You cannot be hasted, slowed, berserked, paralysed or teleported.
You can dig through walls and to a lower floor.
Your four strong arms can wield two-handed weapons with a shield.
You have a pair of large antennae on your head. (SInv)


Message History

You hit nago's ghost.
Nago's ghost is moderately damaged.
You feel very sick.
Nago's ghost gestures at you while chanting.
You are frozen.
Nago's ghost hits you.
You barely miss nago's ghost.
Nago's ghost is moderately damaged.
You feel sick.
Nago's ghost hits you but does no damage.
You are more poisoned.
You barely miss nago's ghost.
Nago's ghost is moderately damaged.
* * * LOW HITPOINT WARNING * * *
You feel very sick. Nago's ghost casts a spell at you.
You are frozen.
* * * LOW HITPOINT WARNING * * *
It was a potion of agility.
You feel agile all of a sudden.
You die...

########## ###
#........#
##########.###.######.#
........#........#
#######......#.#.#
#.#...##.#.#
#.##.###.#.# ###
#........#.#
##.######.#####@#
##.#.## #.# #W# .<..#.#
... #M. #....## ..##
#{#.## #.# #....# #.#
##...+ +.. #....# #..
#{#### { #.# ..#


You could see Menkaure and nago's ghost.

Vanquished Creatures
  4 adders (D:2)
  A worm (D:3)
  3 dart slugs
  A leopard gecko (D:3)
  A ball python (D:3)
  10 bats
  4 giant cockroaches
  6 hobgoblins
  2 quokkas (D:3)
  3 frilled lizards
  6 goblins
  10 kobolds
  9 rats
60 creatures vanquished.

Notes
Turn   | Place    | Note
-------+----------+-------------------------------------------
     0 | D:1      | hilaritas the Formicid Fighter began the quest for the Orb.
     0 | D:1      | Reached XP level 1. HP: 18/18 MP: 1/1
   320 | D:1      | Reached XP level 2. HP: 24/24 MP: 2/2
   504 | D:1      | Reached skill level 4 in Shields
   969 | D:2      | Reached XP level 3. HP: 19/29 MP: 3/3
  1427 | D:2      | Reached XP level 4. HP: 19/35 MP: 4/4
  1898 | D:2      | Found an iron altar of Okawaru.
  1906 | D:2      | Became a worshipper of Warmaster Okawaru
  1910 | D:2      | Found a shimmering altar of Xom.
  1913 | D:2      | Found an ancient bone altar of Kikubaaqudgha.
  2546 | D:3      | Reached XP level 5. HP: 41/41 MP: 5/5
  2735 | D:3      | Reached skill level 5 in Shields
  2963 | D:4      | Noticed nago's ghost (novice VSIE)
  2968 | D:4      | Noticed Menkaure
  2974 | D:4      | Succumbed to nago's ghost's poison

Skill      XL: |  1  2  3  4  5 |
---------------+----------------+-----
Shields        | 4 5 |  5.0
Axes           | 3 |  3.9
Fighting       | |  3.2
Armour         | |  3.2
Invocations    | |  0.2

Action                   |  1- 3 |  4- 6 || total
-------------------------+-------+-------++-------
Melee: War axe           |   126 |   128 ||   254
  Use: Scroll            |       |     6 ||     6
       Potion            |       |     2 ||     2
  Eat: Chunk             |     2 |     5 ||     7
Armor: Scale mail        |    29 |       ||    29
       Chain mail        |    35 |    77 ||   112
Dodge: Dodged            |    54 |    28 ||    82
Block: Shield            |    99 |    79 ||   178
